 Dungeon Crawl Stone Soup version 0.20-a0-899-g09a9bfb (webtiles) character file.

84671 4thArraOfDagon the Severer (level 15, -3/108 HPs)
             Began as a Mummy Wanderer on Mar 18, 2017.
             Was a High Priest of Okawaru.
             Slain by a cyclops (25 damage)
             ... on level 15 of the Dungeon.
             The game lasted 00:50:45 (13267 turns).

4thArraOfDagon the Severer (Mummy Wanderer)        Turns: 13267, Time: 00:50:46

Health: -3/108     AC: 15    Str: 25    XL:     15   Next: 35%
Magic:  31/32      EV: 18    Int: 18    God:    Okawaru [*****.]
Gold:   1352       SH:  0    Dex: 10    Spells: 14/14 levels left

rFire    . . .     SeeInvis .   r - +9 battleaxe (elec)
rCold    + . .     Gourm    .   G - +0 troll leather armour
rNeg     + + +     Faith    .   (shield currently unavailable)
rPois    ∞         Spirit   .   L - +2 hat of the Undertaker {Str+3}
rElec    .         Reflect  .   T - scarf {rC+ rF+}
rCorr    .         Harm     .   m - +1 pair of gloves
MR       +....                  X - +2 pair of boots {Fly}
Stlth    ++........             P - amulet of Metrasis {rC- Regen+ Str+5}
Regen    1.1/turn               (no ring)
MPRegen  0.3/turn               x - ring of magical power

@: heroism
A: no food or potions, fire vulnerability, cold resistance 1, negative energy
resistance 3, torment resistance, unbreathing, in touch with death 1
a: Heroism, Finesse, Renounce Religion, Evoke Flight


You were on level 15 of the Dungeon.
You worshipped Okawaru.
Okawaru was extremely pleased with you.
You were not hungry.

You visited 4 branches of the dungeon, and saw 24 of its levels.
You also visited: Labyrinth.

You collected 1978 gold pieces.
You spent 626 gold pieces at shops.

Inventory:

Hand Weapons
 a - a +1 battleaxe of electrocution
 r - a +9 battleaxe of electrocution (weapon)
Missiles
 g - 64 poisoned needles
Armour
 b - a +0 ring mail
 i - a +0 cloak
 k - a +2 helmet
 m - a +1 pair of gloves (worn)
 n - a +0 robe
 p - the cursed +1 leather armour of Starshine {rF+ Str-3 Dex+3 Stlth+, unknown}
   (You found it on level 6 of the Lair of Beasts)

   It affects your strength (-3).
   It affects your dexterity (+3).
   It protects you from fire.
   It makes you more stealthy.
   It has a curse placed upon it.
 q - a +2 cloak of invisibility
 t - a +0 scale mail
 F - a +1 ring mail of positive energy
 G - a +0 troll leather armour (worn)
 L - the +2 hat of the Undertaker (worn) {Str+3}
   (Okawaru gifted it to you on level 11 of the Dungeon)

   It affects your strength (+3).
 Q - +0 acid dragon scales
 R - a +2 buckler of protection
 T - a scarf of resistance (worn)
 U - a +2 hat of see invisible
 V - a +2 hat of magic resistance
 X - a +2 pair of boots of flying (worn)
 Y - the cursed +0 cloak of Upom {+Inv rElec Regen+ Int-3 Dex-2}
   (You found it on level 3 of the Lair of Beasts)

   It affects your intelligence (-3).
   It affects your dexterity (-2).
   It insulates you from electricity.
   It lets you turn invisible.
   It increases your rate of regeneration.
   It has a curse placed upon it.
Magical Staves
 o - an uncursed staff of wizardry {!a}
 J - an uncursed staff of power {!a}
Jewellery
 j - an uncursed ring of fire
 x - a ring of magical power (left hand)
 K - a +3 amulet of reflection
 M - an uncursed ring of ice
 P - the amulet of Metrasis (around neck) {rC- Regen+ Str+5}
   (You acquired it on level 10 of the Dungeon)

   [amulet of regeneration]

   It affects your strength (+5).
   It makes you vulnerable to cold.
   It increases your rate of regeneration.
Wands
 h - a wand of lightning (9/15)
 w - a wand of clouds (0/9)
 z - a wand of acid (1/15)
 C - a wand of confusion (10/48)
 E - a wand of iceblast (1/15)
 Z - a wand of random effects (27/48)
Scrolls
 c - a scroll of identify
 d - 8 scrolls of immolation
 e - 3 scrolls of amnesia
 f - 2 scrolls of magic mapping
 l - 3 scrolls of enchant weapon
 s - 4 scrolls of remove curse
 u - 5 scrolls of teleportation
 y - 2 scrolls of blinking
 A - 2 scrolls of recharging
 B - 2 scrolls of noise
 D - 3 scrolls of holy word
 H - a scroll of brand weapon
 I - 3 scrolls of torment
 N - a scroll of vulnerability
 O - 2 scrolls of random uselessness
 W - 2 scrolls of enchant armour
Books
 v - a book of Conjurations

   Spells                             Type                      Level
   a - Magic Dart                     Conjuration                  1
   b - Searing Ray                    Conjuration                  2
   c - Dazzling Spray                 Conjuration/Hexes            3
   d - Fulminant Prism                Conjuration/Hexes            4
   e - Force Lance                    Conjuration/Translocation    4
   f - Iskenderun's Mystic Blast      Conjuration                  4
 S - a book of Power

   Spells                             Type                      Level
   a - Iskenderun's Battlesphere      Conjuration/Charms           5
   b - Venom Bolt                     Conjuration/Poison           5
   c - Bolt of Magma                  Conjuration/Fire/Earth       5
   d - Iron Shot                      Conjuration/Earth            6
   e - Orb of Destruction             Conjuration                  7
   f - Spellforged Servitor           Conjuration/Summoning        7


   Skills:
 - Level 7.4(12.4) Fighting
 * Level 15.1(20.1) Axes
   Level 2.7(15.5) Maces & Flails
 + Level 10.0(15.0) Armour
 + Level 9.4(14.4) Dodging
 - Level 1.0(6.0) Shields
 + Level 10.7 Invocations
 - Level 1.0 Evocations


You had 14 spell levels left.
You didn't know any spells.

Dungeon Overview and Level Annotations

Branches:
Dungeon (15/15)            Temple (1/1) D:6            Lair (6/6) D:9
  Swamp (0/4) Lair:2          Orc (2/2) D:12            Elf (0/3) Orc:2
 Vaults (0/5) D:13
  Snake: Lair:2-4    Spider: Lair:2-4     Slime: Lair:5-6    Depths: D:15

Altars:
Ashenzari
Cheibriados
Dithmenos
Elyvilon
Fedhas
Gozag
Hepliaklqana
Kikubaaqudgha
Makhleb
Nemelex Xobeh
Okawaru
Qazlal
Ru
Sif Muna
Trog
Uskayaw
Vehumet
Wu Jian
Xom
Yredelemnul
Zin
The Shining One
Beogh

Shops:
D:12 *   Orc:2 :(}[

Annotations:
D:7 1 runed door
D:14 Rupert
D:15 exclusion: Roxanne, Roxanne
Lair:6 SLIME


Innate Abilities, Weirdness & Mutations

You do not eat or drink.
Your flesh is vulnerable to fire.
You are immune to poison.
Your flesh is cold resistant. (rC+)
You are immune to negative energy. (rN+++)
You are immune to unholy pain and torment.
You can survive without breathing.
You are in touch with the powers of death.


Message History

a large rock; a hand axe The cyclops throws a large rock.
The large rock hits you!
The cyclops throws a large rock.
The large rock hits you.
Things that are here:
2 large rocks; an arrow Unknown command.
Unknown command.
The cyclops throws a large rock.
The large rock misses you.
Unknown command.
The cyclops hits you!
Unknown command.
You slice the cyclops!! Lightning courses through the cyclops!
The cyclops is almost dead.
The cyclops throws a large rock.
The large rock hits you!!
* * * LOW HITPOINT WARNING * * *
Unknown command.
You barely miss the cyclops.
The cyclops is almost dead.
The cyclops hits you!!
You die...

.......... ...
........... #.#
#.[........ #.#
#?......... #.#
#.......... #.#
#(......... #.#
#...C...... #.#
#(..C......
#.############..@.......
....)......(((..........
...[))<.................
.....![÷.....(..........
#######)################
#)# #)# #†# #.#


You could see 2 cyclopes.

Vanquished Creatures
  Gastronok (Orc:1)
  Kirke (D:13)
  A stone giant (Orc:2)
  A minotaur (Lab)
  Josephine (D:13)
  An ettin (Orc:2)
  A vault guard (D:13)
  The ghost of 4thArraOfDagon the Carver, a journeyman BaHu of Okawaru (D:12)
  Harold (D:11)
  3 centaur warriors
  A hydra (Lair:6)
  2 catoblepae
  A merfolk avatar (Lair:6)
  Erica (Orc:1)
  2 ogre magi (Orc:2)
  15 two-headed ogres
  Urug (D:11)
  3 skeletal warriors (D:15)
  2 unseen horrors
  2 deep trolls (Orc:2)
  A sea snake (Lair:6)
  4 wizards (D:13)
  An orc knight (D:15)
  3 harpies (Lair:6)
  An orc sorcerer (Orc:1)
  A cyclops (Orc:2)
  10 ugly things
  A black mamba (Lair:6)
  2 elephants (Lair:6)
  2 centaur zombies
  13 spiny frogs
  Psyche (D:10)
  A gargoyle (D:14)
  4 rime drakes
  2 kobold demonologists
  A freezing wraith (D:14)
  6 komodo dragons
  14 trolls
  4 polar bears
  2 wind drakes (Lair:6)
  3 hornets
  8 blink frogs (Lair:6)
  3 hippogriffs
  6 slime creatures
  10 dream sheep
  A meliai zombie (D:12)
  3 shadows
  19 humans (D:13)
  2 water elementals (D:11)
  4 wraiths (D:13)
  8 wyverns
  6 hogs (D:13)
  46 yaks
  2 chaos spawn (D:14)
  5 vampire mosquitoes
  3 hungry ghosts
  2 basilisks
  An acid dragon (D:14)
  A soldier ant (D:9)
  3 wargs
  Duvessa (D:7)
  2 porcupines
  8 water moccasins
  3 sky beasts
  3 black bears
  An eye of draining (D:14)
  11 orc warriors
  A phantom (D:4)
  An ice beast (D:15)
  A necrophage (D:6)
  7 centaurs
  30 ogres
  10 wolves
  14 crocodiles
  3 big kobolds
  16 bullfrogs
  A gnoll sergeant (D:5)
  Dowan (D:7)
  A wyvern skeleton (D:10)
  4 scorpions
  5 killer bees (D:11)
  4 wights
  2 electric eels (D:10)
  7 crimson imps
  3 bullfrog zombies
  2 quasits (D:10)
  A jelly (D:5)
  4 centaur skeletons
  A gnoll shaman (D:9)
  4 hounds
  10 orc priests
  22 orc wizards
  4 iguanas
  3 bullfrog skeletons
  5 worker ants
  2 hound zombies
  A hound skeleton (D:4)
  2 worker ant zombies
  14 gnolls
  14 adders
  An ufetubus (D:11)
  A worm (D:3)
  2 dart slugs
  2 leopard geckos
  85 orcs
  2 bats (D:3)
  3 goblins
  A hobgoblin (D:3)
  16 kobolds
  4 quokkas
  A ball python (D:9)
  3 frilled lizards
  A quokka zombie (D:8)
  2 rats
  2 fungi (Lair:6)
  4 plants (Lair:6)
611 creatures vanquished.

Vanquished Creatures (others)
  A human (D:13)
  A sky beast (shapeshifter) (D:15)
  2 kobolds (D:10)
  11 fungi
  12 plants
27 creatures vanquished.

Grand Total: 638 creatures vanquished

Notes
Turn   | Place    | Note
-------+----------+-------------------------------------------
     0 | D:1      | 4thArraOfDagon the Mummy Wanderer began the quest for the Orb.
     0 | D:1      | 4thArraOfDagon set off with: a +2 mace, a +0 ring mail, a +0 hand axe
     0 | D:1      | Reached XP level 1. HP: 19/19 MP: 1/1
    57 | D:2      | Reached XP level 2. HP: 24/25 MP: 2/2
   269 | D:3      | Reached XP level 3. HP: 19/30 MP: 3/3
   370 | D:3      | Found a shimmering altar of Xom.
   421 | D:3      | Found an ornate altar of the Wu Jian Council.
   614 | D:4      | Got a pitted mace
   615 | D:4      | Identified the +7 mace of Responsibility {freeze, *Corrode MR+ Int+3} (You found it on level 4 of the Dungeon)
   631 | D:4      | Reached XP level 4. HP: 36/37 MP: 4/4
   651 | D:4      | Reached skill level 2 in Axes
   661 | D:5      | Entered Level 5 of the Dungeon
   776 | D:4      | Reached skill level 3 in Axes
   776 | D:4      | Reached XP level 5. HP: 34/42 MP: 5/5
   799 | D:4      | Noticed a phantom
   824 | D:4      | Killed a phantom
   824 | D:4      | Reached skill level 4 in Axes
   956 | D:5      | Reached XP level 6. HP: 32/48 MP: 6/6
   976 | D:5      | Noticed a sky beast
   998 | D:5      | Killed a sky beast
  1030 | D:5      | Reached skill level 5 in Axes
  1340 | D:5      | Reached XP level 7. HP: 50/54 MP: 7/7
  1512 | D:5      | Reached skill level 6 in Axes
  1737 | D:6      | Reached skill level 7 in Axes
  1801 | D:6      | Reached XP level 8. HP: 26/60 MP: 8/8
  1821 | D:6      | Found an ancient bone altar of Kikubaaqudgha.
  1821 | D:6      | Found a glowing silver altar of Zin.
  1822 | D:6      | Found a burning altar of Makhleb.
  1890 | D:6      | Found a staircase to the Ecumenical Temple.
  1900 | D:6      | HP: 3/60 [orc/enchanted mace (3)]
  1910 | D:6      | HP: 1/60 [orc/enchanted mace (3)]
  1974 | D:5      | HP: 2/60 [gnoll/flail (6)]
  2579 | Temple   | Entered the Ecumenical Temple
  2603 | Temple   | Became a worshipper of Warmaster Okawaru
  2669 | D:5      | Reached skill level 8 in Axes
  2822 | D:7      | Found a runed door.
  2822 | D:7      | Noticed a sixfirhy
  2902 | D:6      | Reached skill level 1 in Dodging
  2982 | D:7      | Found a stormy altar of Qazlal.
  2986 | D:7      | Noticed Duvessa
  2987 | D:7      | Noticed Dowan
  2995 | D:7      | Killed Duvessa
  3000 | D:7      | Killed Dowan
  3000 | D:7      | Reached skill level 1 in Invocations
  3293 | D:7      | Reached * piety under Okawaru
  3410 | D:8      | Reached XP level 9. HP: 53/67 MP: 7/10
  3514 | D:9      | Found a sacrificial altar of Ru.
  3557 | D:9      | Found a staircase to the Lair.
  3596 | D:9      | Noticed a troll
  3614 | D:9      | Killed a troll
  3614 | D:9      | Reached skill level 5 in Fighting
  3860 | D:9      | Reached skill level 9 in Axes
  3871 | D:9      | Noticed a two-headed ogre
  3876 | D:9      | Noticed a green ugly thing
  3880 | D:9      | Killed a two-headed ogre
  3880 | D:9      | Reached ** piety under Okawaru
  3885 | D:9      | Killed a green ugly thing
  4000 | D:9      | Reached XP level 10. HP: 73/76 MP: 12/12
  4008 | D:9      | Noticed a two-headed ogre
  4016 | D:9      | Killed a two-headed ogre
  4255 | D:9      | Found a glowing golden altar of the Shining One.
  4261 | D:9      | Found a radiant altar of Vehumet.
  4456 | D:9      | Reached *** piety under Okawaru
  4780 | D:10     | Entered Level 10 of the Dungeon
  4863 | D:11     | Reached skill level 10 in Axes
  4933 | D:10     | Noticed Psyche
  4952 | D:10     | Killed Psyche
  4968 | D:10     | Reached **** piety under Okawaru
  5422 | D:11     | Noticed Harold
  5454 | D:11     | Killed Harold
  5454 | D:11     | Reached skill level 5 in Armour
  5454 | D:11     | Reached XP level 11. HP: 74/84 MP: 12/14
  5650 | D:12     | Noticed a two-headed ogre
  5658 | D:12     | Killed a two-headed ogre
  5658 | D:12     | Reached skill level 5 in Invocations
  5675 | D:12     | Found a staircase to the Orcish Mines.
  5750 | D:12     | Found a labyrinth entrance.
  5758 | D:12     | Noticed a two-headed ogre
  5759 | Lab      | Entered a labyrinth
  5946 | Lab      | Noticed a minotaur
  5954 | Lab      | Killed a minotaur
  5954 | Lab      | Reached ***** piety under Okawaru
  5971 | Lab      | 5th time in row bad
  5982 | D:12     | Noticed 4thArraOfDagon's ghost (journeyman BaHu)
  6037 | D:11     | Noticed Urug
  6037 | D:11     | WHY
  6380 | D:11     | Killed Urug
  6380 | D:11     | Reached skill level 5 in Dodging
  6883 | D:8      | Reached skill level 11 in Axes
  7130 | D:6      | Found a deep blue altar of Sif Muna.
  7487 | D:11     | Killed an unseen horror
  7487 | D:11     | Received a gift from Okawaru
  7488 | D:11     | Got a bloodstained hat {god gift}
  7499 | D:11     | Identified the +2 hat of the Undertaker {Str+3} (Okawaru gifted it to you on level 11 of the Dungeon)
  7722 | D:12     | Noticed a brown ugly thing
  7732 | D:12     | Killed a brown ugly thing
  7743 | D:12     | Found Uxucw's Assorted Antiques.
  7750 | D:12     | Bought a scroll labeled YTOPHE QYGH for 27 gold pieces
  7750 | D:12     | Bought a scroll labeled YTOPHE QYGH for 27 gold pieces
  7750 | D:12     | Bought a scroll labeled FYMOTIFOET for 27 gold pieces
  7922 | D:12     | Killed a two-headed ogre
  7944 | D:13     | Noticed Kirke
  7955 | D:13     | Noticed a purple ugly thing
  7955 | D:13     | Reached XP level 12. HP: 40/91 MP: 8/16
  7964 | D:13     | Killed Kirke
  8089 | D:14     | Found a shimmering altar of Xom.
  8093 | D:14     | Noticed a centaur warrior
  8096 | D:14     | Noticed Rupert
  8219 | D:13     | Noticed a two-headed ogre
  8228 | D:13     | Killed a two-headed ogre
  8258 | D:13     | Reached skill level 12 in Axes
  8311 | D:13     | Found a gate to the Vaults.
  8311 | D:13     | Noticed a vault guard
  8331 | D:13     | Killed a vault guard
  8333 | D:13     | Received a gift from Okawaru
  8484 | D:13     | Noticed Josephine
  8516 | D:13     | Killed Josephine
  8529 | D:13     | Gained mutation: You are in touch with the powers of death. [Mummy growth]
  8529 | D:13     | Reached XP level 13. HP: 78/96 MP: 13/18
  8679 | D:15     | Entered Level 15 of the Dungeon
  8679 | D:15     | Noticed Roxanne
  8865 | D:14     | Reached skill level 13 in Axes
  9742 | D:10     | Identified 2 scrolls of acquirement
  9744 | D:10     | ROTFL
  9745 | D:10     | Got a shimmering copper amulet
  9747 | D:10     | Identified the amulet of Metrasis {rC- Regen+ Str+5} (You acquired it on level 10 of the Dungeon)
  9950 | D:12     | Killed 4thArraOfDagon's ghost
  9964 | Orc:1    | Entered Level 1 of the Orcish Mines
 10037 | Orc:2    | Entered Level 2 of the Orcish Mines
 10045 | Orc:2    | Noticed a stone giant
 10169 | Orc:1    | Noticed Gastronok
 10171 | Orc:1    | Noticed Erica
 10191 | Orc:1    | Received a gift from Okawaru
 10192 | Orc:1    | Killed Erica
 10204 | Orc:1    | Killed Gastronok
 10204 | Orc:1    | Reached XP level 14. HP: 61/103 MP: 12/21
 10390 | Orc:2    | Found a roughly hewn altar of Beogh.
 10390 | Orc:2    | Found a staircase to the Elven Halls.
 10397 | Orc:2    | HP: 4/103 [ettin/dire flail (24)]
 10715 | Orc:2    | Killed a stone giant
 10841 | Orc:2    | Reached skill level 14 in Axes
 10927 | Orc:2    | Found Vevyag's Antique Weapon Shop.
 10928 | Orc:2    | Found Kerhiz's Armour Shop.
 10936 | Orc:2    | Found Veidoirph's Book Shoppe.
 10951 | Orc:2    | Found Asuyz's Gadget Boutique.
 11035 | Orc:2    | Bought a bloodstained arbalest for 266 gold pieces
 11040 | Orc:2    | Bought a +2 pair of boots of flying for 279 gold pieces
 11052 | Orc:2    | Identified the +1 arbalest of Subterfuge {venom, rN++ Str+3 Int+3} (You bought it in a shop on level 2 of the Orcish Mines)
 11366 | Lair:1   | Entered Level 1 of the Lair of Beasts
 11425 | Lair:3   | Got a shimmering cloak
 11459 | Lair:3   | Identified the cursed +0 cloak of Upom {+Inv rElec Regen+ Int-3 Dex-2} (You found it on level 3 of the Lair of Beasts)
 11503 | Lair:4   | Reached skill level 10 in Invocations
 11557 | Lair:2   | Received a gift from Okawaru
 11648 | Lair:2   | Found a staircase to the Swamp.
 11817 | Lair:6   | Entered Level 6 of the Lair of Beasts
 12073 | Lair:6   | Received a gift from Okawaru
 12127 | Lair:6   | Reached XP level 15. HP: 95/108 MP: 15/22
 12177 | Lair:6   | Got a jewelled leather armour
 12690 | Lair:3   | Identified the +3 buckler "Lyli" {+Fly rN+ Int-4} (You found it on level 3 of the Lair of Beasts)
 13092 | D:15     | Reached skill level 15 in Axes
 13231 | D:15     | Reached skill level 10 in Armour
 13267 | D:15     | Slain by a cyclops

Vault maps used:
D:1:      minmay_arrival_checkered_box
D:2:      bloody_trog
D:3:      marbit_many_paths, overflow_temple_1_default
D:5:      first_bread, nicolae_underground_beach
D:6:      led_sif_pool, gammafunk_temple_overflow_claw,
          minmay_temple_entry_crystal_x, uniq_grinder
D:7:      cheibrodos_shockbox, grunt_qazlal_clouds, grunt_livestock,
          minmay_fountain_box, uniq_duvessa
D:9:      nicolae_ru_great_annihilating_truth, minitemple, dpeg_oklobed_lair,
          special_room
D:10:     hangedman_minor_magic, uniq_psyche
D:11:     serial_ice, serial_ice_f, serial_ice_m, serial_ice_i, serial_ice_o,
          uniq_harold, uniq_urug
D:12:     orc_0_dummy, lab_entry_generic, serial_shops, shop
D:13:     grunt_vaults_entry_tiered, uniq_kirke, uniq_azrael, uniq_josephine
D:14:     amethyst_killhole, spider_trap, small_statue_intersection,
          statue_in_the_mist_lemuel, minmay_guarded_unrand_variability,
          uniq_rupert
D:15:     grunt_enter_depths_snipers, uniq_roxanne
Temple:   minmay_temple_bridge_abc
Lair:2:   swamp_mist
Lair:3:   minmay_lair_venomous_thicket, grunt_megastairs_5, lemuel_fruit_tree
Lair:4:   guppyfry_snake_entry_island
Lair:5:   kilobyte_rumbling_trees, infiniplex_staircase_pool_2
Lair:6:   gammafunk_lair_ancient_temple, slime_altar_2
Orc:1:    nicolae_orc_crystal_geode, uniq_gastronok, uniq_erica
Orc:2:    st_orc_open, basic_altar
Lab:      labyrinth_fake_exit, lab_statue, nicolae_lab_plus

Skill      XL: |  1  2  3  4  5  6  7  8  9 10 11 12 13 14 15 |
---------------+----------------------------------------------+-----
Maces & Flails | 2 |  2.7
Axes           | 3 4 5 7 8 9 10 11 12 13 14 15 | 15.1
Dodging        | 1 3 4 5 7 8 9 |  9.4
Armour         | 2 3 5 6 7 8 9 10 | 10.0
Invocations    | 1 3 4 6 7 9 10 | 10.7
Fighting       | 5 7 |  7.4
Shields        | |  1.0
Evocations     | |  1.0

Action                   |  1- 3 |  4- 6 |  7- 9 | 10-12 | 13-15 || total
-------------------------+-------+-------+-------+-------+-------++-------
Melee: Mace              |    31 |    95 |   290 |    54 |       ||   470
       War axe           |    14 |       |       |   164 |       ||   178
       Trident           |       |       |     5 |       |       ||     5
       Battleaxe         |       |       |     9 |   282 |   718 ||  1009
       Punch             |       |       |       |     3 |       ||     3
 Fire: Blowgun           |    18 |       |       |       |       ||    18
Throw: Throwing net      |       |       |     1 |     2 |       ||     3
Invok: Heroism           |       |       |     5 |    30 |    41 ||    76
       Finesse           |       |       |       |     4 |    12 ||    16
 Abil: Stop Flying       |       |       |       |       |     2 ||     2
       Evoke Flight      |       |       |       |       |     1 ||     1
Evoke: Wand              |       |       |     5 |    14 |     5 ||    24
  Use: Scroll            |       |       |     8 |    16 |     9 ||    33
 Stab: Held in net/web   |       |       |     1 |       |       ||     1
       Invisible         |       |       |     1 |       |       ||     1
       Paralysed         |       |       |     1 |       |       ||     1
       Confused          |       |       |       |     3 |       ||     3
       Distracted        |       |       |       |     1 |       ||     1
       Sleeping          |       |       |       |       |     4 ||     4
       Petrified         |       |       |       |       |     1 ||     1
Armor: Ring mail         |    36 |    37 |    65 |    67 |       ||   205
       Scale mail        |       |       |    61 |    45 |       ||   106
       Troll leather arm |       |       |       |    35 |   145 ||   180
Dodge: Dodged            |    33 |    48 |   153 |   269 |   423 ||   926
Block: Other             |       |       |       |    31 |    10 ||    41
       Reflection        |       |       |       |     1 |     1 ||     2
